[Event "Early-Titled-Tuesday-Blitz-April-16-2024"]
[Site "Chess.com"]
[Date "2024.04.16"]
[Round "5"]
[White "cristiano78"]
[Black "GrotBchess"]
[Result "1-0"]
[WhiteElo "2271"]
[BlackElo "2442"]
[TimeControl "180+1"]
[EndTime "8:54:24 PDT"]
[Termination "cristiano78 won by resignation"]

1. d4 Nf6 2. c4 e6 3. Nf3 d5 4.
Nc3 Bb4 5. Bg5 O-O 6. Rc1 h6 7.
Bxf6 Qxf6 8. e3 c6 9. Ne5 Bd6 10.
f4 Nd7 11. Be2 Qe7 12. O-O f6 13. Ng6 Qf7 14. Nxf8 Bxf8 15. e4 dxe4 16. Nxe4 b6 17. Bf3 Bb7 18. Nc3 Rd8 19. Qe2 Nb8 20. Rcd1 Na6 21.
Kh1 Nc7 22. g4 Bd6 23. Qe3 Bf8 24. h4 Be7 25. Kg2 Ne8 26. Rfe1 Nd6 27. b3 Bc8 28.
Bxc6 h5 29. g5 Nf5 30. Qf2 fxg5 31. fxg5 Bd6 32. Be4 Bg3 33. Qf1 Bxh4 34. Bxf5 exf5 35. Re5 Bxg5 36. Nd5 Qg6 37. Kh1 Kh7 38. Qg2 Bb7 39.
Rg1 Kh6 40. Re6 1-0

[Event "Early-Titled-Tuesday-Blitz-April-16-2024"]
[Site "Chess.com"]
[Date "2024.04.16"]
[Round "5"]
[White "mr_gustavo"]
[Black "GHANDEEVAM2003"]
[Result "0-1"]
[WhiteElo "2707"]
[BlackElo "3015"]
[TimeControl "180+1"]
[EndTime "8:54:27 PDT"]
[Termination "GHANDEEVAM2003 won by resignation"]

1. c4 d6 2. d4 g6 3. Nf3 Bg7 4. g3 Nc6 5. Bg2 h5 6. Nc3 h4 7. gxh4 Bg4 8. d5 Bxf3 9. exf3 Ne5 10. f4 Nd7 11. Be3 Rxh4 12. Qd2 Nh6 13. O-O-O Nf5 14. Ne4 Nf6 15. Ng3 Qd7 16. c5 Nxe3 17. fxe3 dxc5 18.
Kb1 Qd6 19. Rdf1 O-O-O 20. Qa5 Qb6 21. Qxb6 axb6 22. e4 Ng4 23. Rf3 Nxh2 24. Ra3 Kb8 25. e5 Rdh8 26. Ne2 Ng4 27. Rxh4 Rxh4 28. Bf3 Nh6 29.
Rb3 Nf5 30. Kc2 Bh6 31. Kd3 Bxf4 32. Nxf4 Rxf4 33. Be4 c4+ 0-1

[Event "Early-Titled-Tuesday-Blitz-April-16-2024"]
[Site "Chess.com"]
[Date "2024.04.16"]
[Round "5"]
[White "kritipatel"]
[Black "Chesstiger64"]
[Result "1-0"]
[WhiteElo "2177"]
[BlackElo "2376"]
[TimeControl "180+1"]
[EndTime "8:54:29 PDT"]
[Termination "kritipatel won by resignation"]

1. e4 c5 2. d4 cxd4 3. c3 dxc3 4. Nxc3 Nc6 5. Nf3 d6 6. Bc4 Nf6 7. e5 Ng4 8. Bf4 dxe5 9. Qxd8+ Nxd8 10. Bxe5 Nxe5 11.
Nxe5 Be6 12. Bb5+ Nc6 13. Nxc6 a6 14. Ba4 b5 15. Bd1 Rc8 16. Bf3 g5 17. Nd4 Bc4 18. Bb7 Rd8 19. Nc2 a5 20. Bc6+ Rd7 21. Rd1 Be6 22. Nd4 Kd8 23. Nxe6+ fxe6 24. Rxd7+ Kc8 25. Nxb5 Bg7 26. Rxe7 Bxb2 27. Nd6+ Kb8 28. Rb7+ Ka8 29. Rxb2+ Ka7 30. Nb5+ Kb6 31. Nd4+ Kc5 32. Nxe6+ Kxc6 33. Nxg5 Rg8 34. h4 h6 35. Nf7 Rxg2 36.
Nxh6 Kd5 37. Nf5 Ke4 38. Ne3 Rg8 39. h5 Rc8 40. Ke2 Rc1 41. Rxc1 1-0

[Event "Early-Titled-Tuesday-Blitz-April-16-2024"]
[Site "Chess.com"]
[Date "2024.04.16"]
[Round "5"]
[White "PolandHussars"]
[Black "RamonManon0g"]
[Result "1-0"]
[WhiteElo "2604"]
[BlackElo "2436"]
[TimeControl "180+1"]
[EndTime "8:54:37 PDT"]
[Termination "PolandHussars won by resignation"]

1. e4 c5 2. Ne2 d6 3. g3 Nf6 4. Bg2 Nc6 5. c3 c4 6. b3 Ne5 7. O-O g6 8. bxc4 Qc7 9. d3 Bg7 10. h3 O-O 11. f4 Ned7 12. Be3 Nc5 13. g4 Rb8 14. Na3 a6 15. g5 Nh5 16. d4 Nd7 17.
Rb1 Qa5 18. Qb3 b5 19. cxb5 axb5 20. Nxb5 Ba6 21. a4 Rfc8 22. Qb4 Qd8 23. c4 Bxb5 24.
axb5 e5 25. Qxd6 exf4 26. Nxf4 Nxf4 27. Qxf4 Qe7 28. c5 Ra8 29. e5 Ra2 30. Bd5 Ra3 31. Qxf7+ Qxf7 32. Rxf7 Rxe3 33. Rf3+ Kh8 34. Rxe3 1-0

[Event "Early-Titled-Tuesday-Blitz-April-16-2024"]
[Site "Chess.com"]
[Date "2024.04.16"]
[Round "5"]
[White "jodarmarlon1985"]
[Black "ajeale2"]
[Result "0-1"]
[WhiteElo "2289"]
[BlackElo "2430"]
[TimeControl "180+1"]
[EndTime "8:54:37 PDT"]
[Termination "ajeale2 won by resignation"]

1. e4 e6 2. d4 d5 3. Nc3 Nf6 4. e5 Nfd7 5. f4 c5 6. Nf3 Nc6 7. Be3 a6 8. Qd2 b5 9. dxc5 Bxc5 10. Bd3 Qb6 11. Bf2 O-O 12. O-O Bxf2+ 13. Rxf2 f6 14. exf6 Nxf6 15. Kh1 Bb7 16. Ng5 Rae8 17. Re1 Nd4 18.
Ne2 Nb3 19. axb3 Qxf2 20. Qd1 d4 21. Rg1 h6 22. Nh3 Qh4 23. Nxd4 Qxh3 0-1

[Event "Early-Titled-Tuesday-Blitz-April-16-2024"]
[Site "Chess.com"]
[Date "2024.04.16"]
[Round "5"]
[White "Mikhail_Golubev"]
[Black "Fernando_Offermann"]
[Result "0-1"]
[WhiteElo "2588"]
[BlackElo "2460"]
[TimeControl "180+1"]
[EndTime "8:54:43 PDT"]
[Termination "Fernando_Offermann won on time"]

1. e4 c5 2. Nf3 d6 3. d4 cxd4 4.
Nxd4 Nf6 5. Nc3 a6 6. Bc4 g6 7. f3 h5 8. Be3 b5 9. Bb3 Bb7 10. Qd2 Nbd7 11. O-O-O Rc8 12. h3 h4 13. Kb1 Ne5 14. f4 Nc4 15. Bxc4 Rxc4 16. e5 Ne4 17. Nxe4 Bxe4 18. Rhe1 Qc7 19. exd6 Qxd6 20. Bg1 f5 21. Rxe4 fxe4 22. Qe2 Qd5 23. Nb3 Qa8 24. Qd2 Rh5 25. Qd7+ Kf7 26. Nd4 Qd5 27. Qg4 Bg7 28. f5 Rxf5 29.
Nxf5 Qxf5 30. Qe2 Qe5 31. c3 Rc6 32. Bd4 Qe6 33. Bxg7 Kxg7 34. Re1 Qf5 35. Qxe4 Re6 0-1

[Event "Early-Titled-Tuesday-Blitz-April-16-2024"]
[Site "Chess.com"]
[Date "2024.04.16"]
[Round "5"]
[White "GatoRojo150"]
[Black "Bulatova_Kamaliya"]
[Result "1-0"]
[WhiteElo "2615"]
[BlackElo "2456"]
[TimeControl "180+1"]
[EndTime "8:54:45 PDT"]
[Termination "GatoRojo150 won on time"]

1. e4 c5 2. Nf3 d6 3. Nc3 a6 4. d4 cxd4 5. Nxd4 Nf6 6. Bc4 e6 7. Bb3 Be7 8. g4 e5 9. Nf5 Bxf5 10. gxf5 Nc6 11. Nd5 Nxe4 12. Qg4 Qa5+ 13. c3 Nc5 14. Bc4 Nd3+ 15. Ke2 Nxc1+ 16. Raxc1 Bf8 17. b4 Qd8 18. f6 gxf6 19. Qh5 b5 20. Bb3 Kd7 21. Qxf7+ Be7 22. Nxf6+ Kc8 23. Qe6+ Kb8 24. Ne4 Rf8 25. Bd5 Qb6 26.
f3 Nd8 27. Qxe7 1-0

[Event "Early-Titled-Tuesday-Blitz-April-16-2024"]
[Site "Chess.com"]
[Date "2024.04.16"]
[Round "5"]
[White "LubovMarkelova"]
[Black "IndianSchoolOfSuffering"]
[Result "0-1"]
[WhiteElo "2190"]
[BlackElo "2407"]
[TimeControl "180+1"]
[EndTime "8:54:45 PDT"]
[Termination "IndianSchoolOfSuffering won on time"]

1. e4 c5 2. Nc3 Nc6 3. Nf3 e6 4.
d4 cxd4 5. Nxd4 Qc7 6. Be3 a6 7. Qd2 Nf6 8. f3 b5 9. g4 Bb7 10. g5 Nh5 11. O-O-O Nxd4 12. Bxd4 Rc8 13. Kb1 Be7 14.
Ne2 O-O 15. Bh3 d5 16. Bg4 dxe4 17. Bxh5 exf3 18. Ng3 Rfd8 19. Qc3 Qxc3 20. Bxc3 Bxg5 21. a3 g6 22. Bg4 h5 23. Bh3 h4 24. Rxd8+ Rxd8 25. Rg1 hxg3 26. Rxg3 Bf4 27. Rg4 Bxh2 28. Rh4 e5 29.
Bg4 f2 0-1

[Event "Early-Titled-Tuesday-Blitz-April-16-2024"]
[Site "Chess.com"]
[Date "2024.04.16"]
[Round "5"]
[White "SmirnovTimofey2000"]
[Black "Mazarini41"]
[Result "1-0"]
[WhiteElo "1978"]
[BlackElo "2340"]
[TimeControl "180+1"]
[EndTime "8:54:45 PDT"]
[Termination "SmirnovTimofey2000 won by resignation"]

1. d4 Nf6 2. Bf4 c5 3. c3 Nc6 4. e3 d6 5. Nd2 g6 6. h3 Bg7 7.
Ngf3 O-O 8. Be2 Nh5 9. Bh2 Re8 10. O-O e5 11. dxe5 Nxe5 12. Nxe5 Bxe5 13. Bxh5 Bxh2+ 14. Kxh2 gxh5 15. Qxh5 Re5 16. Qf3 Bf5 17. e4 Bg6 18.
Qg4 Rg5 19. Qf3 Qe7 20. Rae1 Qe5+ 21. Kh1 b5 22. Qd3 a6 23. f4 Qf6 24. fxg5 Qxg5 25.
Qd5 Re8 26. Qxg5 1-0

[Event "Early-Titled-Tuesday-Blitz-April-16-2024"]
[Site "Chess.com"]
[Date "2024.04.16"]
[Round "5"]
[White "vovachesss"]
[Black "Pedrada88"]
[Result "1-0"]
[WhiteElo "2763"]
[BlackElo "2577"]
[TimeControl "180+1"]
[EndTime "8:54:47 PDT"]
[Termination "vovachesss won by resignation"]

1. e4 c5 2. Nf3 Nc6 3. Bb5 Qb6 4. Nc3 e6 5. O-O Nge7 6. Re1 a6 7. Bf1 Ng6 8. b3 Be7 9. Bb2 O-O 10. d4 cxd4 11.
Na4 Qc7 12. Nxd4 b5 13. Nc3 Nxd4 14. Qxd4 Bf6 15. Qd2 Bb7 16. Nd1 Bxb2 17. Nxb2 Rac8 18. c4 bxc4 19. Nxc4 d5 20. exd5 Bxd5 21. Rac1 Qf4 22.
Qxf4 Nxf4 23. g3 Ng6 24. Nb6 Bb7 25. Nxc8 Bxc8 26. f4 Ne7 27. Bg2 h5 28. Rc7 Nf5 29. Rec1 Nd6 30. R1c6 Rd8 31. Rxd6 Rxd6 32. Rxc8+ Kh7 33.
Rc2 Kg6 34. Kf2 Rd1 35. Bf1 Kf5 36. Bxa6 h4 37. Be2 Rh1 38. Kg2 Re1 39. Bd3+ Kf6 40. gxh4 Re3 41. Be2 Kf5 42. b4 Kxf4 43. b5 Ra3 44. b6 Ra8 45. b7 Rb8 46. Bf3 e5 47. Rc8 e4 48. Rxb8 exf3+ 49. Kf2 1-0

[Event "Early-Titled-Tuesday-Blitz-April-16-2024"]
[Site "Chess.com"]
[Date "2024.04.16"]
[Round "5"]
[White "Shuvalov"]
[Black "ContrVersia"]
[Result "0-1"]
[WhiteElo "2640"]
[BlackElo "2898"]
[TimeControl "180+1"]
[EndTime "8:54:48 PDT"]
[Termination "ContrVersia won by resignation"]

1. d4 Nf6 2. c4 g6 3. Nc3 Bg7 4. e4 d6 5. Nf3 O-O 6. Be2 e5 7. O-O Na6 8. Be3 Qe7 9. d5 Ng4 10. Bg5 f6 11. Bc1 f5 12. Ng5 Nf6 13. exf5 gxf5 14. f4 h6 15. Nh3 Nc5 16. Nf2 a5 17. Be3 b6 18. Qd2 Kh7 19. Rae1 Bd7 20. Bd1 Rae8 21. Bc2 Qf7 22. fxe5 dxe5 23. Bxc5 bxc5 24. Nb5 Nxd5 25. cxd5 Bxb5 26. Bd3 Bd7 27. Qc2 Qxd5 28. Ne4 Qd4+ 29. Kh1 c4 30. Bxc4 fxe4 31. Rxe4 Rxf1+ 32. Bxf1 Bf5 33. Rxd4 Bxc2 34. Rc4 Rf8 35. Kg1 Rxf1+ 36. Kxf1 Bd3+ 37. Ke1 Bxc4 0-1

[Event "Early-Titled-Tuesday-Blitz-April-16-2024"]
[Site "Chess.com"]
[Date "2024.04.16"]
[Round "5"]
[White "Harry_Rakkel"]
[Black "DenLaz"]
[Result "0-1"]
[WhiteElo "2740"]
[BlackElo "3109"]
[TimeControl "180+1"]
[EndTime "8:54:49 PDT"]
[Termination "DenLaz won by resignation"]

1. e4 c5 2. Nf3 e6 3. d4 cxd4 4. Nxd4 Nc6 5. Nc3 Qc7 6. Be3 a6 7. Qf3 Ne5 8. Qg3 h5 9. O-O-O h4 10. Qh3 Ng6 11. Qf3 b5 12. Kb1 Bb7 13. Bd3 Nf6 14. g3 b4 15. Na4 d5 16. exd5 Bxd5 17. Qe2 Ne5 18. Bf4 Bd6 19. Rhe1 Nxd3 20. Bxd6 Qxd6 21. Qxd3 O-O 22. gxh4 Qxh2 23. Qd2 Rad8 24. Qxb4 Qxf2 25. Nc5 Qxh4 26. Rg1 g6 27. b3 e5 28. Nc6 Qxb4 29. Nxb4 Bf3 30. Rdf1 e4 31. Nbxa6 Kg7 32. a4 Nd5 33.
Kb2 Rh8 34. Rf2 Ne3 35. Nc7 Nd1+ 36. Rxd1 Rxd1 37. a5 g5 38. a6 g4 39. a7 g3 40.
N5e6+ fxe6 41. Nxe6+ Kf6 0-1

[Event "Early-Titled-Tuesday-Blitz-April-16-2024"]
[Site "Chess.com"]
[Date "2024.04.16"]
[Round "5"]
[White "vangulio"]
[Black "IPAchess"]
[Result "1-0"]
[WhiteElo "2573"]
[BlackElo "2365"]
[TimeControl "180+1"]
[EndTime "8:54:49 PDT"]
[Termination "vangulio won by resignation"]

1. e4 e5 2. Nf3 Nc6 3. Bb5 a6 4.
Ba4 Nf6 5. O-O d6 6. d4 b5 7.
dxe5 dxe5 8. Bb3 Qxd1 9. Rxd1 Bb7 10. Nc3 Bd6 11. Bg5 Nd7 12. a4 b4 13. Nd5 Nc5 14. Nb6 Nxb3 15. cxb3 Rb8 16. Rac1 f6 17. Be3 Na5 18. Nc4 Nxc4 19. Rxc4 a5 20. Bc5 Bxc5 21. Rxc5 Bxe4 22. Nxe5 O-O 23. Nc4 Bc2 24. Ra1 Bxb3 25.
Nxa5 Be6 26. Rxc7 Rfd8 27. Nc6 Rbc8 28. Rxc8 Rxc8 29. Ne7+ 1-0

[Event "Early-Titled-Tuesday-Blitz-April-16-2024"]
[Site "Chess.com"]
[Date "2024.04.16"]
[Round "5"]
[White "ragnaroek66"]
[Black "Aygehovit1992"]
[Result "0-1"]
[WhiteElo "2512"]
[BlackElo "2727"]
[TimeControl "180+1"]
[EndTime "8:54:52 PDT"]
[Termination "Aygehovit1992 won by resignation"]

1. d4 Nf6 2. c4 g6 3. Nc3 Bg7 4. e4 d6 5. f3 c6 6. Be3 a6 7. a4 Nbd7 8. Bd3 e5 9. Nge2 h5 10.
Qd2 h4 11. a5 Nh5 12. O-O O-O 13. b4 Qe7 14. Rad1 exd4 15. Nxd4 Ne5 16. Be2 Kh7 17.
Nb3 Be6 18. Bg5 Bf6 19. Bxf6 Qxf6 20. Qd4 Nf4 21. Kh1 Qg5 22. Rg1 Rad8 23. Bf1 Qh6 24.
Nc1 Nh5 25. N1e2 Bxc4 26. Qf2 Bxe2 27. Nxe2 g5 28. f4 Ng4 29. Qf3 f5 30. fxg5 Qxg5 31. exf5 Rxf5 0-1

[Event "Early-Titled-Tuesday-Blitz-April-16-2024"]
[Site "Chess.com"]
[Date "2024.04.16"]
[Round "5"]
[White "GMCarbone"]
[Black "yonaltimur"]
[Result "1-0"]
[WhiteElo "2598"]
[BlackElo "2435"]
[TimeControl "180+1"]
[EndTime "8:54:58 PDT"]
[Termination "GMCarbone won by resignation"]

1. d4 d5 2. c4 e6 3. Nf3 a6 4. g3 dxc4 5. Bg2 b5 6. Ne5 c6 7.
Nxc6 Qb6 8. Na5 Qxa5+ 9. Bd2 c3 10. Bxc3 b4 11. Bxa8 bxc3 12. Nxc3 Bb4 13. O-O Ne7 14.
Bg2 O-O 15. Rc1 Bd7 16. a3 Bxc3 17. Rxc3 Nd5 18. Rc5 Qb6 19. Qd2 Nc6 20. Rfc1 Rb8 21. b4 Nce7 22. e4 Nf6 23. Qc3 Qd8 24. h3 Rc8 25. Rxc8 Qxc8 26. Qxc8+ Nxc8 27. Rc7 Nb6 28. e5 Nfd5 29. Bxd5 exd5 30. Rb7 Bb5 31. Rxb6 Kf8 32. Rb8+ Ke7 33. Rb7+ Ke6 34. Rb6+ Ke7 35. a4 1-0

[Event "Early-Titled-Tuesday-Blitz-April-16-2024"]
[Site "Chess.com"]
[Date "2024.04.16"]
[Round "5"]
[White "Devil_Sun"]
[Black "dealshark"]
[Result "1-0"]
[WhiteElo "2620"]
[BlackElo "2340"]
[TimeControl "180+1"]
[EndTime "8:54:59 PDT"]
[Termination "Devil_Sun won by resignation"]

1. d4 Nf6 2. c4 e6 3. Nf3 d5 4. Nc3 Be7 5. Bf4 O-O 6. e3 Nbd7 7. c5 c6 8. b4 b6 9. Bd3 a5 10. a3 Ba6 11. O-O Bxd3 12. Qxd3 Re8 13. b5 cxb5 14. c6 Nf8 15. Nxb5 Rc8 16. Rfc1 Ng6 17. Bg3 Ne4 18.
Rc2 Bd6 19. Rac1 Bxg3 20. hxg3 Ne7 21. c7 Qd7 22. Ne5 1-0

[Event "Early-Titled-Tuesday-Blitz-April-16-2024"]
[Site "Chess.com"]
[Date "2024.04.16"]
[Round "5"]
[White "TheoSlade"]
[Black "RTFrancisco"]
[Result "0-1"]
[WhiteElo "2376"]
[BlackElo "2634"]
[TimeControl "180+1"]
[EndTime "8:55:00 PDT"]
[Termination "RTFrancisco won by checkmate"]

1. d4 Nf6 2. c4 g6 3. Nc3 Bg7 4. e4 O-O 5. Nf3 d6 6. Be2 e5 7. Be3 Na6 8. O-O Qe8 9. d5 Ng4 10. Bg5 h6 11. Bh4 g5 12. Bg3 f5 13. exf5 Bxf5 14. Nxg5 Nxh2 15. Kxh2 hxg5 16. Rh1 Nc5 17. Kg1 e4 18. Bg4 e3 19. Bxf5 Rxf5 20. Qg4 exf2+ 21.
Bxf2 Qf7 22. Bxc5 dxc5 23. Re1 Bd4+ 24. Kh2 Qh7+ 25. Kg3 Bf2# 0-1

[Event "Early-Titled-Tuesday-Blitz-April-16-2024"]
[Site "Chess.com"]
[Date "2024.04.16"]
[Round "5"]
[White "WiktoriaPOL"]
[Black "WoolworthsManly"]
[Result "0-1"]
[WhiteElo "2392"]
[BlackElo "2677"]
[TimeControl "180+1"]
[EndTime "8:55:00 PDT"]
[Termination "WoolworthsManly won on time"]

1. c4 e5 2. Nc3 Nc6 3. Nf3 Bc5 4. e3 d6 5. d4 exd4 6. exd4 Bb6 7. Be3 Nge7 8. Be2 Nf5 9. O-O O-O 10. Qd2 Re8 11.
Bd3 Ncxd4 12. Nxd4 Nxd4 13. Bxh7+ Kxh7 14. Bxd4 Bxd4 15. Qxd4 Bd7 16. Nd5 Bc6 17. Rfe1 Qd7 18. Qd3+ Kg8 19. Nf4 Re5 20. Qg3 Rae8 21. Red1 Qe7 22. h4 Qf6 23. Rd3 Re4 24. Nh5 Qh6 25. Qf3 Re1+ 0-1

[Event "Early-Titled-Tuesday-Blitz-April-16-2024"]
[Site "Chess.com"]
[Date "2024.04.16"]
[Round "5"]
[White "yuriydovzik"]
[Black "Maftuna2303"]
[Result "0-1"]
[WhiteElo "2143"]
[BlackElo "2379"]
[TimeControl "180+1"]
[EndTime "8:55:00 PDT"]
[Termination "Maftuna2303 won on time"]

1. e4 e5 2. Nf3 Nc6 3. Nc3 Nf6 4.
Bc4 Bc5 5. d3 a6 6. a3 d6 7. O-O Ne7 8. Be3 Ng6 9. Bxc5 dxc5 10.
Ne2 O-O 11. h3 Nh5 12. Kh2 Qf6 13. Qd2 Nhf4 14. Nxf4 Nxf4 15. Qe3 b6 16. Ng1 Qg6 17.
g3 Ne6 18. f4 exf4 19. gxf4 Nd4 20. Rf2 Kh8 21. Rg2 Qh6 22. Qg3 f5 23. c3 Nc6 24.
Bd5 Bd7 25. e5 Rae8 26. Nf3 Ne7 27. Bb3 Ng6 28. Ng5 Re7 29. d4 cxd4 30. cxd4 c6 0-1

[Event "Early-Titled-Tuesday-Blitz-April-16-2024"]
[Site "Chess.com"]
[Date "2024.04.16"]
[Round "5"]
[White "UK_23"]
[Black "Gabrielian_Artur"]
[Result "0-1"]
[WhiteElo "2488"]
[BlackElo "2786"]
[TimeControl "180+1"]
[EndTime "8:55:02 PDT"]
[Termination "Gabrielian_Artur won by resignation"]

1. e4 c5 2. Nf3 d6 3. d4 cxd4 4.
Qxd4 Nc6 5. Qe3 g6 6. h3 Bg7 7.
Be2 Nf6 8. O-O O-O 9. Rd1 Be6 10. c4 Qb6 11. Nc3 Na5 12. Qxb6 axb6 13. Nd2 Rfc8 14. Nd5 Nxd5 15. exd5 Bf5 16. g4 Bc2 17. Re1 Nb3 18. Nxb3 Bxb3 19. a3 Bf6 20. g5 Be5 21. f4 Bd4+ 22.
Kg2 Kf8 23. Kf3 b5 24. Ke4 Bg7 25. cxb5 Ra4+ 26. Ke3 Bd4+ 27. Kf3 Bxd5+ 28. Kg3 Rc2 29.
Bf3 Bf2+ 0-1

[Event "Early-Titled-Tuesday-Blitz-April-16-2024"]
[Site "Chess.com"]
[Date "2024.04.16"]
[Round "5"]
[White "theoneandonlydaaevik"]
[Black "NigiriSushies"]
[Result "1-0"]
[WhiteElo "2586"]
[BlackElo "2401"]
[TimeControl "180+1"]
[EndTime "8:55:02 PDT"]
[Termination "theoneandonlydaaevik won on time"]

1. d4 d5 2. c4 c6 3. Nf3 Nf6 4. e3 Bf5 5. Nbd2 e6 6. Nh4 Be4 7. Qb3 Qb6 8. f3 Bg6 9. Nxg6 hxg6 10. c5 Qc7 11. f4 g5 12. Nf3 g4 13.
Ne5 Nbd7 14. Qc2 g3 15. h3 Ne4 16. Bd3 Nf2 17. Rf1 Nf6 18. Bd2 N6e4 19. b4 a6 20. a4 f6 21. Nf3 Be7 22. Ke2 Kf7 23.
Be1 Rab8 24. Bxf2 Nxf2 25. Bg6+ Kf8 26. a5 Rh6 27. Bd3 Kf7 28. Rxf2 gxf2 29. Rf1 Kg8 30.
Rxf2 Rf8 31. h4 1-0

[Event "Early-Titled-Tuesday-Blitz-April-16-2024"]
[Site "Chess.com"]
[Date "2024.04.16"]
[Round "5"]
[White "FairChess_on_YouTube"]
[Black "TenisMaster"]
[Result "1-0"]
[WhiteElo "3091"]
[BlackElo "2930"]
[TimeControl "180+1"]
[EndTime "8:55:03 PDT"]
[Termination "FairChess_on_YouTube won by resignation"]

1. c4 e6 2. Nf3 d5 3. d4 Nf6 4. Bg5 dxc4 5. e4 Bb4+ 6. Nc3 b5 7. e5 h6 8. exf6 hxg5 9. fxg7 Rg8 10. h4 Rxg7 11. hxg5 Nd7 12. Rh8+ Nf8 13. a4 c6 14. Be2 Bb7 15. Kf1 Qb6 16. Kg1 O-O-O 17. Qc1 Ng6 18.
Rxd8+ Kxd8 19. Ne4 Rh7 20. Qe3 Kc7 21. a5 Qa6 22.
Nc5 Bxc5 23. dxc5 Kb8 24. Ne5 Bc8 25. Bf3 Nxe5 26. Qxe5+ Kb7 27. Rd1 Qxa5 28. Qe4 Qc7 29. Qxh7 1-0

[Event "Early-Titled-Tuesday-Blitz-April-16-2024"]
[Site "Chess.com"]
[Date "2024.04.16"]
[Round "5"]
[White "H3nriqueTV"]
[Black "Cheer_Down"]
[Result "0-1"]
[WhiteElo "2299"]
[BlackElo "2499"]
[TimeControl "180+1"]
[EndTime "8:55:05 PDT"]
[Termination "Cheer_Down won by resignation"]

1. e4 e5 2. Nf3 Nc6 3. Bb5 a6 4. Ba4 Nf6 5. O-O Be7 6. c3 Nxe4 7. Re1 Nc5 8. Bxc6 dxc6 9. Nxe5 Nd3 10. Nxd3 Qxd3 11.
Re3 Qg6 12. d4 Be6 13. Rg3 Qf5 14. Nd2 Bd6 15. Rf3 Qg6 16. c4 O-O-O 17. c5 Be7 18. Rg3 Qf5 19. Nf3 Bf6 20. Bg5 Bd5 21. Nh4 Qe4 22.
Bxf6 gxf6 23. Rg4 Qe6 24. h3 Rhg8 25. f3 h5 26. Rxg8 Rxg8 27. Qe1 Qxh3 28. Qf2 Rg3 29. Re1 Qxh4 30. Re8+ Kd7 31. Qe2 Be6 0-1

[Event "Early-Titled-Tuesday-Blitz-April-16-2024"]
[Site "Chess.com"]
[Date "2024.04.16"]
[Round "5"]
[White "nickmatta"]
[Black "francyIM"]
[Result "0-1"]
[WhiteElo "2556"]
[BlackElo "2814"]
[TimeControl "180+1"]
[EndTime "8:55:07 PDT"]
[Termination "francyIM won by resignation"]

1. Nf3 Nf6 2. g3 g6 3. Bg2 Bg7 4. O-O O-O 5. c4 d6 6. Nc3 Nbd7 7. e4 e5 8. d3 a6 9. h3 Rb8 10. a4 a5 11. Be3 c6 12. Qd2 Nc5 13. Rad1 Qe7 14.
Bh6 Nb3 15. Qe3 Bxh6 16. Qxh6 Nd7 17. d4 exd4 18. Nxd4 Nbc5 19. f4 f6 20. f5 g5 21.
h4 g4 22. Nc2 Ne5 23. Ne3 Bd7 24. Rf4 Kh8 25. Nxg4 Nxc4 26. Rf2 Rf7 27. Qf4 Rg7 28. b3 Ne5 29. Nxe5 dxe5 30. Qe3 Rbg8 31. Rf3 Nxb3 32. Ne2 Nc5 33. Qa3 Nxe4 34. Qxe7 Rxe7 35. Rfd3 Bxf5 36. Rf1 Bg4 37. Re3 Bxe2 0-1

[Event "Early-Titled-Tuesday-Blitz-April-16-2024"]
[Site "Chess.com"]
[Date "2024.04.16"]
[Round "5"]
[White "temus_galaktionov"]
[Black "JonasEilenberg"]
[Result "1-0"]
[WhiteElo "2860"]
[BlackElo "2622"]
[TimeControl "180+1"]
[EndTime "8:55:09 PDT"]
[Termination "temus_galaktionov won by resignation"]

1. d4 d5 2. c4 e6 3. Nf3 c6 4.
Nbd2 Nf6 5. g3 Ne4 6. Bg2 f5 7. O-O Bd6 8. Qc2 O-O 9. Ne1 Nd7 10. Nd3 Qe7 11. f3 Nxd2 12. Bxd2 b6 13. e4 Ba6 14.
exd5 cxd5 15. cxd5 Rac8 16. Bc3 exd5 17. Rfe1 Qf6 18.
Ne5 Bxe5 19. dxe5 Qe6 20. Qd2 f4 21. Rad1 Bb7 22. gxf4 Rc4 23. Bd4 Rfc8 24. Re2 Nf8 25.
Qd3 g6 26. h4 Ba6 27. Red2 Rc1 28. Qxa6 Rxd1+ 29. Rxd1 Rc2 30. Qd3 Qc6 31. Bc3 Rxg2+ 32. Kxg2 Ne6 33. Kg3 1-0

[Event "Early-Titled-Tuesday-Blitz-April-16-2024"]
[Site "Chess.com"]
[Date "2024.04.16"]
[Round "5"]
[White "RedFirePanda"]
[Black "AlessiaSanteramo"]
[Result "0-1"]
[WhiteElo "2468"]
[BlackElo "2329"]
[TimeControl "180+1"]
[EndTime "8:55:09 PDT"]
[Termination "AlessiaSanteramo won by resignation"]

1. d4 Nf6 2. Bf4 e6 3. e3 d5 4.
h3 Bd6 5. Bxd6 Qxd6 6. c3 O-O 7. Nf3 Nbd7 8. Nbd2 e5 9. dxe5 Nxe5 10. Nxe5 Qxe5 11.
Nf3 Qe7 12. Bd3 c6 13. O-O Ne4 14. Bxe4 Qxe4 15. a4 Re8 16. a5 a6 17. Nd4 c5 18.
Nf3 Re6 19. Ng5 Qg6 20. Nxe6 Bxe6 21. Kh1 Rd8 22. Qf3 Bf5 23. Qf4 Be4 24. f3 Bd3 25. Rfd1 h5 26. Rd2 c4 27. Qc7 Qg5 28. Rad1 Re8 29.
Qf4 Qg6 30. b3 Qe6 31. bxc4 dxc4 32. e4 Rd8 33. Qc7 Rd7 34. Qc8+ Kh7 35. Qxc4 Qxc4 0-1

[Event "Early-Titled-Tuesday-Blitz-April-16-2024"]
[Site "Chess.com"]
[Date "2024.04.16"]
[Round "5"]
[White "Kobalia"]
[Black "GMAneta"]
[Result "1-0"]
[WhiteElo "2814"]
[BlackElo "2556"]
[TimeControl "180+1"]
[EndTime "8:55:10 PDT"]
[Termination "Kobalia won by checkmate"]

1. d4 d5 2. Nf3 Nf6 3. Bf4 c5 4. e3 Nc6 5. Nbd2 cxd4 6. exd4 Bf5 7. c3 a6 8. Be2 e6 9. O-O Bd6 10. Bxd6 Qxd6 11. Re1 O-O 12. Nb3 Nd7 13. Bd3 Bxd3 14. Qxd3 b5 15. Ng5 Nf6 16. Nc5 h6 17. Nf3 Nd7 18. b4 Nb6 19. a4 Nc4 20. Ra2 bxa4 21.
Nxa4 a5 22. b5 Na7 23. Nd2 Rfb8 24. Nxc4 dxc4 25. Qxc4 Nxb5 26. Nc5 Nc7 27. g3 Qd5 28. Qxd5 Nxd5 29. Ra3 Rb2 30. Rea1 Rc2 31. Ne4 f5 32. Nc5 Rxc3 33. Rxa5 Rxa5 34. Rxa5 e5 35. dxe5 f4 36. Ne4 Rc1+ 37. Kg2 Rd1 38. e6 Kf8 39. Ra7 Nf6 40. Rf7+ Ke8 41. Nxf6+ gxf6 42. Rxf6 fxg3 43. hxg3 h5 44. Rh6 Ke7 45. Rxh5 Kxe6 46. f4 Kf6 47. Kf3 Kg6 48. Rc5 Rd4 49. Rc6+ Kf5 50. g4# 1-0

[Event "Early-Titled-Tuesday-Blitz-April-16-2024"]
[Site "Chess.com"]
[Date "2024.04.16"]
[Round "5"]
[White "Stanbad1"]
[Black "sokidze"]
[Result "0-1"]
[WhiteElo "2572"]
[BlackElo "2818"]
[TimeControl "180+1"]
[EndTime "8:55:11 PDT"]
[Termination "sokidze won by resignation"]

1. d4 Nf6 2. Nc3 d5 3. Bf4 e6 4. Nb5 Na6 5. e3 Be7 6. Nf3 O-O 7.
Be2 c6 8. Nc3 Nh5 9. Be5 f6 10. Bg3 g6 11. e4 dxe4 12. Nxe4 f5 13. Nc3 f4 14. Ne5 Ng7 15. Bxa6 bxa6 16. Nxc6 Qc7 17.
Qf3 Bb7 18. d5 Bxc6 19. dxc6 fxg3 20. Qxg3 Qxg3 21. hxg3 Rac8 22. f4 Rxc6 23. O-O-O Rfc8 24. Rd7 Bf6 25. Ne4 Rxc2+ 26. Kd1 Rc1+ 27. Ke2 Rxh1 28. Nxf6+ Kh8 29. Rxa7 Rhc1 30. Kf3 R1c7 31. Rxa6 Nf5 32. g4 Kg7 33. gxf5 Kxf6 34. Rxe6+ Kf7 35. Re5 Rc2 36. fxg6+ hxg6 37. Rb5 Rd2 38. Rb7+ Kg8 39. Rb6 Kg7 40.
Rb7+ Kh8 41. Rb6 Rcc2 42. g4 Rxb2 43. Rxg6 Rxa2 44. Kg3 Kh7 45. Rb6 Ra4 46. Rb7+ Kg8 47. Rb5 Rd3+ 48. Kh4 Rxf4 49. Kg5 Rdd4 50. Kg6 Rxg4+ 51.
Kf6 Rdf4+ 52. Ke7 Rg7+ 53. Ke6 Rg6+ 54. Ke7 Rf7+ 55. Ke8 Re6+ 56. Kd8 Kh7 57. Rg5 Rg6 58. Rh5+ Kg7 59. Re5 Kf8 60. Re8+ Kg7 61. Re1 Ra6 62.
Rg1+ Kf8 0-1